 Dungeon Crawl Stone Soup version 0.31-a0-175-g9f7f995f2b (webtiles) character file.

Game seed: 16212311933536404810

51 qw the Shooter (level 3, -10/23 HPs)
             Began as a Gargoyle Hunter on June 17, 2023.
             Mangled by Sigmund
             ... wielding a +0 heavy scythe
              (15 damage)
             ... on level 2 of the Dungeon.
             The game lasted 00:00:32 (1141 turns).

qw the Shooter (Gargoyle Hunter)                    Turns: 1141, Time: 00:00:33

Health: -10/23     AC:  7    Str: 14    XL:     3   Next: 81%
Magic:  3/3        EV: 11    Int:  9    God:
Gold:   99         SH:  0    Dex: 15    Spells: 2/2 levels left

rFire   . . .        Y - +0 shortbow
rCold   . . .        (shield currently unavailable)
rNeg    + . .        c - +0 leather armour
rPois   inf          k - +0 helmet
rElec   +            (no cloak)
rCorr   .            (no gloves)
SInv    .            (no boots)
Will    .....        (no amulet)
Stlth   ++           (no ring)
HPRegen 0.23/turn    (no ring)
MPRegen 0.08/turn

%: no passive effects
@: about to teleport
A: sickness immunity, AC +3, negative energy resistance 1, electricity
resistance, torment resistance 1, petrification resistance
a: no special abilities


You were on level 2 of the Dungeon.
You visited 1 branch of the dungeon, and saw 2 of its levels.

You collected 99 gold pieces.


Innate Abilities, Weirdness & Mutations

You are immune to sickness and miasma.
Your stone body is resilient. (AC +3)
You are immune to poison.
You resist negative energy. (rN+)
You are resistant to electric shocks. (rElec)
You are resistant to unholy torment.
You are immune to petrification.


   Skills:
 - Level 3.0 Fighting
 + Level 5.0 Ranged Weapons
 - Level 1.5 Dodging
 - Level 1.1 Stealth


You had 2 spell levels left.
You didn't know any spells.
Your spell library was empty.

Inventory:

Hand Weapons
 Y - a +0 shortbow (weapon)
Armour
 c - a +0 leather armour (worn)
 k - a +0 helmet (worn)
Scrolls
 a - a scroll of vulnerability {unknown}
 b - a scroll of identify
 f - a scroll of teleportation
 g - a scroll of acquirement {unknown}
 l - a scroll of blinking {unknown}
Potions
 d - a potion of enlightenment {unknown}
 e - a potion of degeneration {unknown}
 h - a potion of heal wounds {unknown}
 i - a potion of resistance {unknown}
 j - a potion of mutation {unknown}
 m - a potion of curing {unknown}
 n - a potion of brilliance {unknown}
 o - 2 potions of ambrosia {unknown}

Dungeon Overview and Level Annotations

Branches:
Dungeon (2/15)

Altars:
Fedhas
Yredelemnul

Annotations:
D:2 Sigmund


Message History

Enter note:
Enter note:
Enter note:
Enter note: You shoot an arrow.
The arrow closely misses Sigmund.
Sigmund shouts!
You shoot an arrow.
The arrow hits Sigmund but does no damage.
Sigmund is lightly wounded.
Sigmund barely misses you.
You shoot an arrow. The arrow barely misses Sigmund.
You shoot an arrow. The arrow hits Sigmund.
Sigmund is lightly wounded.
Sigmund hits you from afar with a +0 heavy scythe!
Ouch! That really hurt!
Enter note:
Enter note:
Enter note:
Enter note:
Enter note:
Enter note:
Enter note:
Enter note:
Enter note:
1136 ||| UPGRADING to +0 helmet.
You start putting on your armour.
You continue putting on your +0 helmet. x2
Sigmund gestures at you while chanting.
Keep equipping yourself?
The puff of flame hits you!
You continue putting on your +0 helmet.
Sigmund whispers, "You'll know eternity soon."
Sigmund closely misses you.
You continue putting on your +0 helmet.
You finish putting on your +0 helmet.
1141 ||| READING 2 scrolls of teleportation.
As you read the scroll of teleportation, it crumbles to dust.
You feel strangely unstable.
Sigmund hits you from afar with a +0 heavy scythe!
Ouch! That really hurt!
You die...

#.#.............##
#.#.............#
#.#.............#
#.#.............##
#.###########[..+.
#.### #...##
#...## ##...##
#....# #....##
#@...### #.#####
#......### #.#...#
#@.%.#...###.'...'
#....###...###....
.....)..#
###..##....
........#
##..#....
........# ##.#....
........# #......
......### ###....


You could see Sigmund.

Vanquished Creatures
  2 dart slugs (D:1)
  5 ball pythons (D:1)
  7 bats
  6 endoplasms
  A giant cockroach (D:1)
  3 goblins (D:1)
  2 hobgoblins (D:1)
  8 jackals (D:1)
  2 frilled lizards
  A kobold (D:1)
  5 rats
42 creatures vanquished.

Notes
Turn   | Place    | Note
-------+----------+-------------------------------------------
     0 | D:1      | qw the Gargoyle Hunter began the quest for the Orb.
     0 | D:1      | Reached XP level 1. HP: 12/12 MP: 1/1
     0 | D:1      | 0 ||| qw: Version: 0.3-a-2-g5ab2908
     0 | D:1      | 0 ||| qw: Game counter: 255
     0 | D:1      | 0 ||| qw: Always use a shield: true
     0 | D:1      | 0 ||| qw: God list: Okawaru
     0 | D:1      | 0 ||| qw: Allow faded altars: false
     0 | D:1      | 0 ||| qw: Do Orc after D:15 true
     0 | D:1      | 0 ||| qw: Do second Lair branch before Depths: true
     0 | D:1      | 0 ||| qw: Lair rune preference: random
     0 | D:1      | 0 ||| qw: Plans: Normal, Zot:1-4, Slime:5, God:TSO, Crypt,
                  | Tomb, Abyss, Pan, Hells, Win
     0 | D:1      | 0 ||| PLANNING D:1-11
    53 | D:1      | Found a basalt altar of Yredelemnul.
    62 | D:1      | Reached XP level 2. HP: 17/17 MP: 2/2
   241 | D:1      | Reached XP level 3. HP: 21/21 MP: 3/3
   307 | D:1      | Reached skill level 5 in Ranged Weapons
   727 | D:1      | 727 ||| READING 2 scrolls labelled COXTAXZ TALAG.
   731 | D:1      | 731 ||| READING scroll labelled KUAMERH MIMO.
   732 | D:1      | 732 ||| DROPPING scroll of butterflies.
   812 | D:2      | Noticed Sigmund
   827 | D:2      | HP: 5/22 [Sigmund/+0 heavy scythe (7)]
   828 | D:2      | 828 ||| READING scroll of teleportation.
   831 | D:2      | Found a faded altar of an unknown god.
   961 | D:2      | Reached skill level 3 in Fighting
  1072 | D:2      | Found a blossoming altar of Fedhas.
  1136 | D:2      | 1136 ||| UPGRADING to +0 helmet.
  1138 | D:2      | HP: 5/23 [Sigmund/puff of flame (7)]
  1141 | D:2      | 1141 ||| READING 2 scrolls of teleportation.
  1141 | D:2      | Mangled by Sigmund

Levels and vault maps discovered:
D:1:      minmay_arrival_wavy_path, layout_loops_ring, grunt_decor_junction,
          minmay_hexomino_r4
D:2:      layout_basic, basic_altar, ebering_ecumenical_altar_petrified,
          uniq_sigmund

Skill      XL: |  1  2  3 |
---------------+----------+-----
Ranged Weapons | 5 |  5.0
Fighting       | 3 |  3.0
Dodging        | |  1.5
Stealth        | |  1.1

Action                     || total
---------------------------++-------
   Fire: Shortbow          ||   128
    Use: Scroll            ||     4
 Armour: Leather armour    ||    34
  Dodge: Dodged            ||    53

Table legend:
 A = Non-vault XP
 B = Vault XP
 C = Vault XP percentage of total XP
 D = Non-vault monster count
 E = Vault monster count
 F = Vault count percentage of total count
                 A         B        C        D         E       F
            +---------+---------+-------+---------+---------+-------
      Total |      67 |       6 |   8.2 |      38 |       4 |   9.5
            +---------+---------+-------+---------+---------+-------
        D:1 |      56 |       6 |   9.7 |      30 |       4 |  11.8
        D:2 |      11 |       0 |   0.0 |       8 |       0 |   0.0
            +---------+---------+-------+---------+---------+-------
